 Dungeon Crawl Stone Soup version 0.31-a0-102-g33a4ccc0cb (webtiles) character file.

Game seed: 16914504754915838294

11 Esekla the Sneak (level 2, 0/21 HPs)
             Began as an Octopode Delver on May 26, 2023.
             Was an Initiate of Gozag.
             Slain by an orc
             ... wielding a +0 mace
              (6 damage)
             ... on level 5 of the Dungeon.
             The game lasted 00:04:06 (375 turns).

Esekla the Sneak (Octopode Delver)                   Turns: 375, Time: 00:04:06

Health: 0/21       AC:  1    Str: 11    XL:     2   Next: 25%
Magic:  2/2        EV: 13    Int: 12    God:    Gozag
Gold:   13         SH:  0    Dex: 13    Spells: 1/1 levels left

rFire   . . .        d - +0 long sword
rCold   . . .        (no shield)
rNeg    . . .        (helmet restricted)
rPois   .            (no amulet)
rElec   .            (no ring)
rCorr   .            (no ring)
SInv    .            (no ring)
Will    .....        (no ring)
Stlth   ++++         (no ring)
HPRegen 0.23/turn    (no ring)
MPRegen 0.08/turn    (no ring)
                     (no ring)

%: no passive effects
@: gold aura
A: almost no armour, amphibious, 8 rings, camouflage 1, gelatinous body 1,
(nimble swimmer 1), tentacles
a: Renounce Religion, Potion Petition, Call Merchant, Bribe Branch


You were on level 5 of the Dungeon.
You worshipped Gozag.
Gozag was noncommittal.
You visited 1 branch of the dungeon, and saw 1 of its levels.

You collected 20 gold pieces.
You paid 7 gold pieces to Gozag.

Inventory:

Hand Weapons
 d - a +0 long sword (weapon)
Wands
 f - a wand of digging (3)
Scrolls
 a - a scroll of identify {unknown}
 b - a scroll of fog
 c - a scroll of immolation {unknown}


   Skills:
 * Level 3.1 Fighting
 * Level 2.1 Long Blades
 * Level 2.1 Dodging
 + Level 6.8 Stealth
 * Level 0.3 Spellcasting


You had one spell level left.
You didn't know any spells.
Your spell library contained the following spells:

 Spells                   Type           Power      Damage    Failure   Level
 Kiss of Death            Conj/Necr      0%         2d5       32%         1
 Shock                    Conj/Air       0%         1d3       32%         1
 Confusing Touch          Hex            0%         N/A       69%         3
 Swiftness                Air            0%         N/A       69%         3
 Airstrike                Air            0%         2d(0-16)  97%         4
 Dispel Undead            Necr           0%         3d6       97%         4


Dungeon Overview and Level Annotations

Branches:
Dungeon (5/15)
 Temple: D:4-7

Altars:
Gozag
Zin


Innate Abilities, Weirdness & Mutations

You cannot wear most types of armour.
You are amphibious.
You can wear up to eight rings at the same time.
Your skin changes colour to match your surroundings (Stealth+).
Your rubbery body absorbs attacks. (AC +1, EV +1)
((You are camouflaged when in or above water. (Stealth+)))
You have tentacles for arms and can constrict up to eight enemies at once.


Message History

You are now empty-tentacled.
You drop a +0 falchion.
d - a +0 long sword (weapon)
You open the door.
An adder comes into view.
You close the door.
You see here a scroll labelled VAATRIQIRA.
a - a scroll labelled VAATRIQIRA The orc shouts!
You hear an angry hiss. x2
You see here a book of Air.
You pick up a book of Air and begin reading...
You add the spells Shock, Swiftness and Airstrike to your library.
You barely miss the orc. You grab the orc. You squeeze the orc.
The orc is moderately wounded.
You constrict the orc, but do no damage.
The orc hits you with a +0 club.
You slash the orc!
You kill the orc!
The adder misses you.
The orc is distracted by your dazzling golden aura.
The orc shouts!
You hit the adder. You grab the adder.
You squeeze the adder, but do no damage.
The adder is heavily wounded.
You constrict the adder, but do no damage.
The adder bites you. The adder closely misses you.
You hit the adder.
The adder is almost dead.
You constrict the adder. The adder closely misses you.
You slash the adder!
You kill the adder!
The orc is no longer distracted by gold.
The orc hits you with a +0 mace!
Ouch! That really hurt!
* * * LOW HITPOINT WARNING * * *
You have reached level 2!
You hit the orc but do no damage. You grab the orc.
You constrict the orc, but do no damage.
The orc hits you with a +0 mace.
You die...
Your body crumbles into a pile of gold.

#..........#...#.......#,,,,,,,,*
####+##....#...#.......#,,,,,,,**
**,,,##....#.o.#......##****,,,**
,,,,,#.........#......##.,**,,,,,
,,,,,#....................#,,,,,,
**,**##..#.#####.#........#.5...,
**,***##,#.......#........#.....,
,,,*,,,*,#.#...#o#........+....##
,,,*,,,*,#.#._.#@#........#....#.
,,,#..,#,#.#...#.#........#......
,,,*...#.#.......#........#......
,,,*,..#.#.#####.#........#......
**,**#.#..............##..##...#*
**,**#.###.##..##.....##'###...#*
,,,,,#...#.....#####'###.......#,
,,,,,#...'.....##.....##.......#,
,,,,,#...#.)..........##..##...#,


You could see an orc.

Vanquished Creatures
  An adder (D:5)
  An orc (D:5)
2 creatures vanquished.

Notes
Turn   | Place    | Note
-------+----------+-------------------------------------------
     0 | D:5      | Esekla the Octopode Delver began the quest for the Orb.
     0 | D:5      | Reached XP level 1. HP: 16/16 MP: 1/1
    10 | D:5      | Found a glowing silver altar of Zin.
    31 | D:5      | Found an opulent altar of Gozag.
    36 | D:5      | Noticed a jelly
    83 | D:5      | Noticed an orc wizard
   125 | D:5      | Noticed a scorpion
   183 | D:5      | Noticed an orc wizard
   183 | D:5      | Noticed an orc wizard
   262 | D:5      | Became a worshipper of Gozag Ym Sagoz the Greedy
   304 | D:5      | Noticed a scorpion
   375 | D:5      | Reached XP level 2. HP: 5/21 MP: 2/2
   375 | D:5      | Slain by an orc

Illustrated notes

Levels and vault maps discovered:
D:5:      layout_gridville, mainiacjoe_overflow_24_doors, zin_statuary,
          mainiacjoe_overflow_cross_hatched, chequers_avenue

Action                     || total
---------------------------++-------
  Melee: Long sword        ||     6
         Constrict         ||     3
         Tentacles         ||     2
    Use: Scroll            ||     2
         Potion            ||     1
  Dodge: Dodged            ||     5

Table legend: (Time is in decaauts)
 A = Elapsed time spent in this place.
 B = Non-inter-level travel time spent in this place.
 C = Inter-level travel time spent in this place.
 D = Time resting spent in this place.
 E = Time spent auto-exploring this place.
 F = Levels seen in this place.
 G = Mean time per level.
                   A        B        C        D        E       F      G
               +--------+--------+--------+--------+--------+-----+--------+
         Total |    357 |    357 |      0 |      0 |      0 |   1 |  357.0 |
       Dungeon |    357 |    357 |      0 |      0 |      0 |   1 |  357.0 |
               +--------+--------+--------+--------+--------+-----+--------+

Top non-repeatable levels by time:
     D:5: 357 daAuts
